 Dungeon Crawl Stone Soup version 0.28-a0-309-gf6d37e6e1d (webtiles) character file.

Game seed: 3282072177196475163

74 McIrco the Cutter (level 4, -3/43 HPs)
             Began as a Kobold Berserker on Aug 30, 2021.
             Was a Believer of Trog.
             Slain by an orc priest (9 damage)
             ... on level 3 of the Dungeon.
             The game lasted 00:03:09 (1963 turns).

McIrco the Cutter (Kobold Berserker)                Turns: 1963, Time: 00:03:10

Health: -3/43      AC:  3    Str: 15    XL:     4   Next: 54%
Magic:  4/4        EV: 15    Int:  8    God:    Trog [**....]
Gold:   79         SH:  0    Dex: 14    Spells: 3/3 levels left

rFire   . . .      SeeInvis .   g - +1 short sword (venom)
rCold   . . .      Faith    .   (shield restricted)
rNeg    . . .      Spirit   .   b - +0 animal skin
rPois   .          Reflect  .   (no helmet)
rElec   .          Harm     .   d - +0 cloak
rCorr   .          Rampage  .   (no gloves)
Will    .....                   (no boots)
Stlth   ..........              (no amulet)
HPRegen 0.14/turn               (no ring)
MPRegen 0.09/turn               (no ring)

@: berserking, very quick
A: small, no large weapons, nightstalker 3
a: Renounce Religion, Berserk, Trog's Hand


You were on level 3 of the Dungeon.
You worshipped Trog.
Trog was pleased with you.
You visited 1 branch of the dungeon, and saw 3 of its levels.

You collected 79 gold pieces.

Inventory:

Hand Weapons
 a - a +0 short sword
 g - a +1 short sword of venom (weapon)
Armour
 b - a +0 animal skin (worn)
 d - a +0 cloak (worn)
 m - a +0 buckler
Jewellery
 l - a ring of see invisible
Scrolls
 c - a scroll of identify {unknown}
 f - a scroll of teleportation {unknown}
 k - 2 scrolls of magic mapping {unknown}
Potions
 e - a potion of ambrosia {unknown}
 h - a potion of curing {unknown}
 i - a potion of heal wounds {unknown}
 j - a potion of berserk rage {unknown}


   Skills:
 + Level 4.2 Fighting
 + Level 5.3 Short Blades
 + Level 1.7 Armour
 + Level 2.9 Dodging


You had 3 spell levels left.
You didn't know any spells.
Your spell library was empty.

Dungeon Overview and Level Annotations

Branches:
Dungeon (3/15)

Altars:

Shops:
D:1 :   D:2 [


Innate Abilities, Weirdness & Mutations

You are small and have problems with some larger weapons.
You are completely attuned to the shadows.


Message History

The orc shouts!
You barely miss the orc.
You hit the orc priest but do no damage.
The orc priest is poisoned.
The orc hits you with a +0 short sword. The orc priest barely misses you.
You barely miss the orc priest. The orc hits you with a +0 short sword.
Unknown command.
You hit the orc.
The orc is heavily wounded.
The orc closely misses you.
You hit the orc.
You kill the orc!
Trog accepts your kill. The orc barely misses you.
You hit the orc priest but do no damage.
The orc priest looks as sick as possible!
The orc priest invokes the aid of Beogh against you.
Beogh smites you! The orc misses you.
You barely miss the orc priest.
The orc priest is lightly wounded.
The orc priest invokes the aid of Beogh against you.
Pain shoots through your body!
* * * LOW HITPOINT WARNING * * *
You are too injured to fight recklessly!
Unknown command.
Okay, then.
Unknown command.
Okay, then.
A red film seems to cover your vision as you go berserk!
You feel yourself moving faster!
You feel mighty! The orc hits you with a +0 short sword.
* * * LOW HITPOINT WARNING * * *
The orc priest hits you but does no damage.
You hit the orc priest.
The orc priest looks as sick as possible!
The orc priest is almost dead.
The orc hits you with a +0 short sword.
* * * LOW HITPOINT WARNING * * *
The orc priest hits you with a +4 short sword of protection!
You die...

#.#### #.#...
#####.....
..............>..
([........########.#.
..........# #...
..........##########.
...oo...............#
...)@....##########.#
..###.#### #.# #...
#.# #.... #.# .....


You could see an orc priest (extremely poisoned) and an orc.

Vanquished Creatures
  A gnoll (D:1)
  An adder (D:2)
  A worm (D:2)
  An orc (D:3)
  5 bats
  5 endoplasms
  2 giant cockroaches
  6 goblins
  4 hobgoblins (D:1)
  2 quokkas
  6 ball pythons
  3 frilled lizards
  7 kobolds
  5 rats
49 creatures vanquished.

Notes
Turn   | Place    | Note
-------+----------+-------------------------------------------
     0 | D:1      | McIrco the Kobold Berserker began the quest for the Orb.
     0 | D:1      | Reached XP level 1. HP: 14/14 MP: 1/1
    16 | D:1      | Reached XP level 2. HP: 19/19 MP: 2/2
   316 | D:1      | Reached XP level 3. HP: 22/24 MP: 3/3
   530 | D:1      | Found a faded altar of an unknown god.
   543 | D:1      | HP: 1/24 [poisoned by a kobold]
  1034 | D:1      | Found Yciut's Book Boutique.
  1150 | D:1      | Reached skill level 5 in Short Blades
  1273 | D:2      | Reached XP level 4. HP: 29/29 MP: 4/4
  1325 | D:2      | Reached ** piety under Trog
  1581 | D:2      | Found Ruqeriz's Antique Armour Boutique.
  1963 | D:3      | Slain by an orc priest

Illustrated notes

Levels and vault maps discovered:
D:1:      dpeg_arrival_houses_and_road, layout_rooms,
          ebering_ecumenical_altar_sacrificial, serial_shops, shop_fountains
D:2:      layout_rooms, serial_shops, nicolae_shop_statue_plus
D:3:      layout_basic, ashenzari_conservatory_becter, fedhas_ov_isle_minmay,
          jmf_multi_god_temple, nicolae_overflow_crystal_walls, uniq_ijyb

Skill      XL: |  1  2  3 |
---------------+----------+-----
Fighting       | 4 |  4.2
Short Blades   | 5 |  5.3
Armour         | |  1.7
Dodging        | |  2.9

Action                   |  1- 3 |  4- 6 || total
-------------------------+-------+-------++-------
Melee: Short sword       |   109 |    32 ||   141
Invok: Berserk           |     2 |     2 ||     4
 Stab: Sleeping          |     4 |     3 ||     7
Armor: Animal skin       |    22 |     3 ||    25
Dodge: Dodged            |    70 |    23 ||    93

Table legend: (Time is in decaauts)
 A = Elapsed time spent in this place.
 B = Non-inter-level travel time spent in this place.
 C = Inter-level travel time spent in this place.
 D = Time resting spent in this place.
 E = Time spent auto-exploring this place.
 F = Levels seen in this place.
 G = Mean time per level.
                   A        B        C        D        E       F      G
               +--------+--------+--------+--------+--------+-----+--------+
         Total |   1972 |   1895 |     77 |    232 |   1329 |   3 |  657.3 |
       Dungeon |   1972 |   1895 |     77 |    232 |   1329 |   3 |  657.3 |
               +--------+--------+--------+--------+--------+-----+--------+

Top non-repeatable levels by time:
     D:1: 1247 daAuts
     D:2: 608 daAuts
     D:3: 116 daAuts
